AoeStats
← The Wildart

Arena

507381421Analyzed
3v3 RM · 15d ago on Sep 18, 2026· 53m 13s· 6 players
Game mode
Random Map
Map size
Normal (6 player)
Population
200
Speed
Normal
Resources
Standard
Victory
Conquest
Starting age
Dark Age
Ending age
Imperial Age
RankedLock teamsTeams togetherTeam positionsShared explorationLock speedFull tech treeHidden civsTurbo modeCheats
Victory
Defeat
🇲🇦 Britons · Morocco
1078
+13
🇲🇦 Persians · Morocco
1045
+14
🇫🇷 Khmer · France
1020
+42
🇦🇷 Burgundians · Argentina
1041
-16
🇦🇷 Bohemians · Argentina
1012
-14
🇦🇷 Persians · Argentina
964
-12
EsteNoEsPaisa
6:49 Double-Bit Axe
12:19 Feudal Age
12:18 Horse Collar
13:26 Gold Mining
18:10 Castle Age
19:13 Wheelbarrow
25:23 Imperial Age
23:13 Hand Cart
23:59 Fortified Wall
26:21 Bow Saw
26:13 Heavy Plow
29:13 Two-Man Saw
28:45 Crop Rotation
29:40 Guilds
30:58 Scale Barding Armor
30:54 Scale Mail Armor
31:04 Forging
30:51 Stone Mining
32:06 Gold Shaft Mining
32:07 Stone Shaft Mining
32:46 Chain Barding Armor
32:42 Chain Mail Armor
34:54 Plate Barding Armor
34:55 Iron Casting
33:48 Cavalier
34:29 Husbandry
34:01 Light Cavalry
35:18 Hussar
35:22 Paladin
46:30 Blast Furnace
47:45 Chemistry
52:44 Plate Mail Armor
52:21 Pikeman
53:04 Squires
Sergio A. Gamarra
11:44 Feudal Age
13:07 Stone Mining
16:17 Castle Age
15:47 Horse Collar
15:54 Double-Bit Axe
16:03 Stone Mining
19:52 Bow Saw
20:15 Heavy Plow
20:54 Stone Shaft Mining
24:10 Gold Mining
26:42 Gold Shaft Mining
26:45 Wheelbarrow
27:45 Hand Cart
32:44 Imperial Age
30:25 Scale Barding Armor
30:30 Forging
31:09 Kamandaran
31:35 Chain Barding Armor
32:37 Elite War Elephant
33:39 Conscription
34:05 Plate Barding Armor
34:06 Iron Casting
34:32 Town Watch
37:20 Two-Man Saw
36:52 Crop Rotation
37:34 Blast Furnace
39:06 Devotion
39:37 Block Printing
39:50 Town Patrol
40:19 Faith
40:42 Theocracy
40:40 Herbal Medicine
40:58 Fervor
Vagorr_
11:26 Feudal Age
16:42 Castle Age
17:07 Wheelbarrow
17:22 Double-Bit Axe
17:26 Horse Collar
19:19 Chemistry
20:04 Bow Saw
24:03 Fletching
24:15 Padded Archer Armor
24:24 Pikeman
26:51 Squires
28:34 Heavy Plow
28:56 Bodkin Arrow
29:16 Leather Archer Armor
29:25 Leather Archer Armor
32:09 Loom
32:40 Hand Cart
32:40 Forging
32:30 Scale Mail Armor
35:34 Imperial Age
32:50 Town Watch
35:30 Ballistics
37:02 Halberdier
38:08 Chain Mail Armor
38:29 Iron Casting
39:01 Two-Man Saw
47:11 Elite Skirmisher
52:47 Bracer
dragonslilver
11:20 Feudal Age
14:54 Castle Age
12:58 Double-Bit Axe
13:10 Horse Collar
15:45 Bow Saw
16:04 Heavy Plow
19:19 Wheelbarrow
24:05 Hand Cart
24:55 Stone Mining
24:57 Gold Mining
26:20 Fletching
26:20 Loom
26:23 Town Watch
29:15 Imperial Age
26:57 Bodkin Arrow
27:03 Padded Archer Armor
29:03 Leather Archer Armor
31:20 Two-Man Saw
30:30 Bracer
31:01 Ring Archer Armor
31:16 Conscription
32:12 Gold Shaft Mining
31:17 Elite Longbowman
32:41 Scale Mail Armor
32:51 Forging
33:39 Yeomen
34:45 Chemistry
34:15 Ballistics
38:20 Coinage
38:00 Guilds
38:25 Caravan
38:53 Siege Engineers
38:59 Masonry
38:29 Treadmill Crane
39:05 Fortified Wall
38:55 Murder Holes
40:20 Banking
41:09 Chain Mail Armor
41:29 Iron Casting
40:35 Pikeman
41:15 Squires
42:20 Plate Mail Armor
41:14 Halberdier
41:41 Arson
42:58 Capped Ram
45:35 Blast Furnace
47:35 Warwolf
The Wildart
11:27 Feudal Age
12:46 Wheelbarrow
12:48 Double-Bit Axe
13:49 Stone Mining
13:55 Horse Collar
15:02 Gold Mining
19:37 Castle Age
18:53 Scale Barding Armor
20:36 Bow Saw
24:46 Stone Shaft Mining
24:39 Hand Cart
24:11 Loom
25:06 Gold Shaft Mining
25:47 Forging
27:20 Heavy Plow
28:20 Chain Barding Armor
29:39 Iron Casting
29:19 Town Watch
30:58 Fervor
31:12 Tusk Swords
31:46 Town Patrol
36:09 Imperial Age
34:00 Pikeman
34:47 Murder Holes
35:59 Husbandry
36:13 Bloodlines
36:11 Elite Battle Elephant
37:40 Plate Barding Armor
38:06 Blast Furnace
37:49 Ballistics
37:42 Masonry
48:32 Caravan
Poketale
10:48 Feudal Age
14:50 Castle Age
13:09 Double-Bit Axe
15:56 Loom
23:02 Wheelbarrow
24:12 Hand Cart
24:05 Town Watch
26:33 Scale Barding Armor
27:38 Town Patrol
27:40 Horse Collar
28:15 Bow Saw
29:04 Gold Mining
32:30 Imperial Age
30:37 Chain Barding Armor
30:56 Forging
30:58 Bloodlines
30:48 Husbandry
31:29 Fletching
32:23 Stone Mining
32:53 Masonry
32:41 Murder Holes
33:50 Chemistry
32:48 Bodkin Arrow
33:31 Conscription
34:20 Plate Barding Armor
34:21 Iron Casting
33:47 Padded Archer Armor
33:28 Crossbowman
34:15 Thumb Ring
34:32 Kamandaran
36:01 Elite War Elephant
38:36 Two-Man Saw
38:52 Blast Furnace
38:24 Caravan
42:41 Scale Mail Armor
48:00 Hoardings
48:00 Architecture
47:52 Ballistics
47:50 Chain Mail Armor
50:23 Citadels
Connection lost

Rejoining the realm…

Still unreachable

The connection could not be restored.

Session expired

The server has moved on; the page needs a fresh start.